Jonadab, neutral male gnomish Wizard ------ |....| #..<..| #------ G a # ##`### ## -|- ..... .......| |......| |...*..| |......| -------- Jonadab the Conjurer Experience level: 4 Strength: 10 Dexterity: 11 Constitution: 16 Intelligence: 19 Wisdom: 9 Charisma: 10 Health: 0(31) Energy: 11(29) Def: 1 Gold: 332 Moves: 1061 Dungeon seed: cpk4shEW4kii6hEV Game ID: Jonadab_1497210739 Your Inventory: Coins $ - 332 gold pieces Weapons a - a blessed +1 quarterstaff (weapon in hands) Armor e - a blessed +0 cloak of magic resistance (being worn) Comestibles s - an uncursed food ration w - an uncursed orange x - an uncursed pair of spikey leather socks Scrolls i - an uncursed scroll of gold detection j - an uncursed scroll of charging k - a cursed scroll of enchant weapon Spellbooks l - a cursed spellbook of force bolt m - an uncursed spellbook of confuse monster o - a cursed spellbook of sleep Potions f - an uncursed potion of sickness g - an uncursed potion of gain energy h - an uncursed potion of blindness u - a potion of unholy water Rings c - an uncursed ring of stealth d - an uncursed +1 ring of protection r - an uncursed ring of protection from shape changers (on left hand) y - a cursed ring of aggravate monster Wands b - an uncursed wand of secret door detection (0:14) A - a blessed wand of light (0:11) B - an uncursed wand of light (0:11) Tools n - an uncursed blindfold Gems q - an uncursed garnet stone z - an uncursed worthless piece of violet glass Spells and supernatural/magical abilities: Name Level Category Fail Memory a - force bolt 1 attack 0% 95% u - confuse monster 2 enchantment 0% 95% z - sleep 1 enchantment 0% 95% W - pray for help -- divine ? -- Your skills at the end: Fighting Skills Weapon Skills quarterstaff [Basic] Spellcasting Skills attack spells [Basic] enchantment spells [Basic] Final Attributes: You had transgressed. You were magic-protected. You saw invisible. You had infravision. You aggravated monsters. You were protected from shape changers. You were lucky. You are dead. Vanquished creatures: a giant ant a kitten a giant bat an iguana 2 giant rats 3 cave spiders a gnome a gnome zombie 5 jackals a fox 2 sewer rats a grid bug a bat 2 lichens a newt 24 creatures vanquished. Voluntary challenges: You used a wielded weapon 20 times, starting on turn 37. You read items or engraved 4 times, starting on turn 18. You never genocided any monsters. You never polymorphed an object. You never changed form. You used no wishes. You never split a pudding. You wrote Elbereth's name 1 time, starting on turn 832. You violated your moral code, losing 24 points of alignment, starting on turn 1. Dungeon overview: The Dungeons of Doom: levels 1 to 7 Level 1 an altar to Thoth a long staircase Level 2 Level 3 Level 4 Level 5 Level 6 Level 7 <- You were here History has recorded: On T:1 you entered the Dungeons of Doom to retrieve the Amulet of Yendor! On T:1 you advanced to experience level 2. On T:40 you advanced to experience level 3. On T:239 you reached level 2 of The Dungeons of Doom. On T:484 you reached level 3 of The Dungeons of Doom. On T:535 you reached level 4 of The Dungeons of Doom. On T:591 you reached level 5 of The Dungeons of Doom. On T:607 you reached level 6 of The Dungeons of Doom. On T:946 you advanced to experience level 4. On T:1030 you reached level 7 of The Dungeons of Doom. Score breakdown: Gold: 332 ( 8580 points) Experience: 4 levels ( 9649 points) Exploration: 7 levels ( 14.29%) (10606 points) Discoveries: 4 items ( 1.39%) ( 3541 points) Valuables value: (no points given unless you survive) Artifact value: 0 ( 0 points) Variety of kills: 15 monsters ( 3.94%) ( 5952 points) Turncount: 1061 turns ( 0 points) Survival: died (score multiplied by 80%) Total score: 30662 Latest messages: That door is closed. The door crashes open! With great effort you move the boulder. The door resists! The door opens. The door closes. Sorry, I don't know how to use that. The door opens. The giant ant bites! (2x) The spell hits the giant ant! The giant ant bites! (2x) The spell hits the giant ant! You kill the giant ant! The giant ant bites! (4x) The spell hits the giant ant! The giant ant bites! You die... Final status: Goodbye Jonadab the Wizard, killed by a giant ant... You died in The Dungeons of Doom on dungeon level 7 with 30662 points, and 332 pieces of gold, after 1061 moves. You were level 4 with a maximum of 31 hit points when you died.